 Dungeon Crawl Stone Soup version 0.31-a0-640-g39d97e502b (webtiles) character file.

Game seed: 15586521268503057220

30 qw the Shooter (level 3, 0/21 HPs)
             Began as a Gargoyle Hunter on Aug 27, 2023.
             Slain by a worm (3 damage)
             ... on level 2 of the Dungeon.
             The game lasted 00:00:24 (779 turns).

qw the Shooter (Gargoyle Hunter)                     Turns: 779, Time: 00:00:24

Health: 0/21       AC:  8    Str: 14    XL:     3   Next: 20%
Magic:  3/3        EV: 10    Int:  9    God:
Gold:   28         SH:  0    Dex: 15    Spells: 2/2 levels left

rFire   . . .        Y - +0 shortbow
rCold   . . .        (shield currently unavailable)
rNeg    + . .        e - +0 ring mail
rPois   inf          (no helmet)
rElec   +            (no cloak)
rCorr   .            (no gloves)
SInv    .            (no boots)
Will    .....        (no amulet)
Stlth   +            (no ring)
HPRegen 0.23/turn    (no ring)
MPRegen 0.08/turn

%: no passive effects
@: no status effects
A: sickness immunity, AC +3, negative energy resistance 1, electricity
resistance, torment resistance 1, petrification resistance
a: no special abilities


You were on level 2 of the Dungeon.
You visited 1 branch of the dungeon, and saw 2 of its levels.

You collected 28 gold pieces.


Innate Abilities, Weirdness & Mutations

You are immune to sickness and miasma.
Your stone body is resilient. (AC +3)
You are immune to poison.
You resist negative energy. (rN+)
You are resistant to electric shocks. (rElec)
You are resistant to unholy torment.
You are immune to petrification.


   Skills:
 - Level 2.2 Fighting
 - Level 5.0 Ranged Weapons
 + Level 0.1 Armour
 - Level 1.5 Dodging
 - Level 1.1 Stealth


You had 2 spell levels left.
You didn't know any spells.
Your spell library was empty.

Inventory:

Hand Weapons
 Y - a +0 shortbow (weapon)
Armour
 e - a +0 ring mail (worn)
Potions
 d - a potion of haste {unknown}
 h - a potion of mutation {unknown}
 j - a potion of heal wounds {unknown}
 l - a potion of curing {unknown}

Dungeon Overview and Level Annotations

Branches:
Dungeon (2/15)

Altars:


Message History

The kobold shouts!
The ball python bites you. The ball python constricts you.
You shoot an arrow. The arrow hits the ball python.
You kill the ball python!
The worm bites you!
You shoot an arrow. The arrow hits the worm.
The worm is lightly wounded.
The worm bites you.
You shoot an arrow. The arrow hits the worm!
The worm is heavily wounded.
A kobold comes into view. It is wielding a +0 dagger.
The kobold hits you but does no damage. The worm bites you.
You shoot an arrow. The kobold shouts!
The arrow hits the worm!
The worm is almost dead.
The kobold hits you but does no damage.
A kobold comes into view. It is wielding a +0 short sword.
The kobold barely misses you.
A kobold comes into view. It is wielding a +0 club.
The kobold moves out of view.
You shoot an arrow. The kobold shouts!
The arrow hits the worm but does no damage.
The worm is almost dead.
The worm bites you. The kobold hits you but does no damage.
You shoot an arrow. The arrow barely misses the worm.
The arrow barely misses the kobold.
The kobold barely misses you. The worm bites you.
You shoot an arrow. The kobold shouts!
The arrow hits the worm but does no damage.
The worm is severely wounded.
The kobold hits you with a +0 short sword.
The worm bites you but does no damage.
You shoot an arrow. The arrow hits the worm.
The worm is almost dead.
The kobold hits you but does no damage. The kobold misses you.
The worm bites you.
You die...

. . .#. ... #
#K#.# #K#.#
#K#.# #. .#
#wK.#.##.
....####@%..?...
.#......#......
...####.# .....
..# #.# .### #.#
#.# # ##.###.#
#......#
#..##### #..#


You could see a worm and 4 kobolds.

Vanquished Creatures
  A dart slug (D:1)
  A bat (D:1)
  4 endoplasms (D:1)
  2 giant cockroaches (D:1)
  3 goblins (D:1)
  A hobgoblin (D:1)
  3 jackals (D:1)
  4 ball pythons
  3 frilled lizards
  3 kobolds (D:1)
25 creatures vanquished.

Notes
Turn   | Place    | Note
-------+----------+-------------------------------------------
     0 | D:1      | qw the Gargoyle Hunter began the quest for the Orb.
     0 | D:1      | Reached XP level 1. HP: 12/12 MP: 1/1
     0 | D:1      | 0 ||| qw: Version: 0.3-a-74-g0d5e918
     0 | D:1      | 0 ||| qw: Game counter: 193
     0 | D:1      | 0 ||| qw: Melee chars always use a shield: true
     0 | D:1      | 0 ||| qw: God list: Okawaru
     0 | D:1      | 0 ||| qw: Allow faded altars: false
     0 | D:1      | 0 ||| qw: Do Orc after clearing Dungeon:15 true
     0 | D:1      | 0 ||| qw: Do second Lair branch before Depths: true
     0 | D:1      | 0 ||| qw: Lair rune preference: random
     0 | D:1      | 0 ||| qw: Goals: Normal
     0 | D:1      | 0 ||| PLANNING D:1-11
    27 | D:1      | HP: 3/12 [jackal (2)]
    30 | D:1      | Reached XP level 2. HP: 5/17 MP: 2/2
   311 | D:1      | Reached XP level 3. HP: 21/21 MP: 3/3
   661 | D:1      | Reached skill level 5 in Ranged Weapons
   695 | D:1      | 695 ||| UPGRADING to +0 ring mail.
   705 | D:1      | 705 ||| DROPPING +0 leather armour.
   706 | D:1      | 706 ||| READING scroll labelled NIEMYIT BENEWN.
   707 | D:1      | 707 ||| READING scroll labelled ITUTUATHIROA.
   708 | D:1      | 708 ||| READING scroll labelled YNAOMP TISMAQ.
   709 | D:1      | 709 ||| READING scroll labelled ASHIDI AMUUJUF.
   710 | D:1      | 710 ||| DROPPING scroll of butterflies.
   777 | D:2      | HP: 5/21 [worm (2)]
   779 | D:2      | Slain by a worm

Levels and vault maps discovered:
D:1:      heliophobic_arrival_henge, layout_basic
D:2:      layout_loops_ring, ebering_ecumenical_altar_mist, uniq_sigmund

Skill      XL: |  1  2  3 |
---------------+----------+-----
Ranged Weapons | 5 |  5.0
Fighting       | |  2.2
Armour         | |  0.1
Dodging        | |  1.5
Stealth        | |  1.1

Action                     || total
---------------------------++-------
   Fire: Shortbow          ||   102
    Use: Scroll            ||     4
 Armour: Leather armour    ||    12
         Ring mail         ||     9
  Dodge: Dodged            ||    30

Table legend:
 A = Non-vault XP
 B = Vault XP
 C = Vault XP percentage of total XP
 D = Non-vault monster count
 E = Vault monster count
 F = Vault count percentage of total count
                 A         B        C        D         E       F
            +---------+---------+-------+---------+---------+-------
      Total |      44 |       0 |   0.0 |      25 |       0 |   0.0
            +---------+---------+-------+---------+---------+-------
        D:1 |      42 |       0 |   0.0 |      23 |       0 |   0.0
        D:2 |       2 |       0 |   0.0 |       2 |       0 |   0.0
            +---------+---------+-------+---------+---------+-------
